 Dungeon Crawl Stone Soup version 0.31-a0-675-g238779eb0a (webtiles) character file.

Game seed: 11355295189148223897

47 qw the Shooter (level 3, -1/22 HPs)
             Began as a Gargoyle Hunter on Sept 5, 2023.
             Killed from afar by Robin (3 damage)
             ... with a puff of flame
             ... on level 2 of the Dungeon.
             The game lasted 00:00:23 (694 turns).

qw the Shooter (Gargoyle Hunter)                     Turns: 694, Time: 00:00:23

Health: -1/22      AC:  6    Str: 14    XL:     3   Next: 70%
Magic:  3/3        EV: 11    Int:  9    God:
Gold:   70         SH:  0    Dex: 15    Spells: 2/2 levels left

rFire   . . .        Y - +0 shortbow
rCold   . . .        (shield currently unavailable)
rNeg    + . .        c - +0 leather armour
rPois   inf          (no helmet)
rElec   +            (no cloak)
rCorr   .            (no gloves)
SInv    .            (no boots)
Will    +....        (no amulet)
Stlth   ++           h - ring of willpower
HPRegen 0.23/turn    (no ring)
MPRegen 0.08/turn

%: no passive effects
@: no status effects
A: sickness immunity, AC +3, negative energy resistance 1, electricity
resistance, torment resistance 1, petrification resistance
a: no special abilities


You were on level 2 of the Dungeon.
You visited 1 branch of the dungeon, and saw 2 of its levels.

You collected 70 gold pieces.


Innate Abilities, Weirdness & Mutations

You are immune to sickness and miasma.
Your stone body is resilient. (AC +3)
You are immune to poison.
You resist negative energy. (rN+)
You are resistant to electric shocks. (rElec)
You are resistant to unholy torment.
You are immune to petrification.


   Skills:
 + Level 2.9 Fighting
 - Level 5.0 Ranged Weapons
 - Level 1.5 Dodging
 - Level 1.1 Stealth


You had 2 spell levels left.
You didn't know any spells.
Your spell library was empty.

Inventory:

Hand Weapons
 Y - a +0 shortbow (weapon)
Armour
 c - a +0 leather armour (worn)
Jewellery
 h - a ring of willpower (left hand)
Potions
 e - a potion of degeneration {unknown}
 f - a potion of heal wounds {unknown}

Dungeon Overview and Level Annotations

Branches:
Dungeon (2/15)

Altars:

Annotations:
D:2 Robin


Message History

The goblin hits you with a +0 club. The goblin hits you but does no damage.
You shoot an arrow. The endoplasm quivers.
The arrow hits the goblin.
You kill the goblin!
A goblin comes into view. It is wielding a +0 club.
You shoot an arrow. The goblin shouts!
The arrow hits the goblin.
You kill the goblin!
Robin throws the goblin at you! The hobgoblin barely misses you.
Robin roars a battlecry!
The goblins go into a battle-frenzy!
The goblin barely misses you.
You shoot an arrow. The arrow closely misses the hobgoblin.
The hobgoblin hits you but does no damage.
The goblin hits you with a +0 club.
You shoot an arrow. The arrow hits the hobgoblin!
You kill the hobgoblin!
The goblin hits you but does no damage.
You shoot an arrow. The arrow hits the goblin.
The goblin is moderately wounded.
Robin zaps a wand.
The puff of flame hits you! The goblin closely misses you.
You shoot an arrow. The arrow barely misses the goblin.
Robin barely misses you. The goblin closely misses you.
The goblin hits you but does no damage.
Robin zaps a wand.
The puff of flame hits you.
You shoot an arrow. The arrow closely misses the goblin.
Robin barely misses you. The goblin hits you with a +0 club.
You shoot an arrow. The arrow barely misses the goblin.
Robin barely misses you. The goblin hits you but does no damage.
You shoot an arrow. The arrow hits the goblin!
You kill the goblin!
Robin hits you but does no damage.
You shoot an arrow. The arrow completely misses Robin.
Robin hits you from afar with a +0 trident.
You shoot an arrow. The arrow closely misses Robin.
Robin zaps a wand.
The puff of flame hits you.
You die...
Robin lets out a smug laugh.

#.# #.# #.# #.#
#.# #.# #.#
###########.###
......>@..#...#
######%##.###.#
#g #.# #.# #J
#.###.# #)
#.....# ).
####### .. .$


You could see Robin and an endoplasm.

Vanquished Creatures
  2 dart slugs (D:1)
  4 ball pythons (D:1)
  3 bats (D:1)
  3 endoplasms (D:1)
  2 giant cockroaches (D:1)
  7 goblins
  6 hobgoblins
  2 jackals (D:1)
  2 quokkas (D:1)
  A frilled lizard (D:1)
  6 rats (D:1)
38 creatures vanquished.

Notes
Turn   | Place    | Note
-------+----------+-------------------------------------------
     0 | D:1      | qw the Gargoyle Hunter began the quest for the Orb.
     0 | D:1      | Reached XP level 1. HP: 12/12 MP: 1/1
     0 | D:1      | 0 ||| qw: Version: 0.3-a-75-g829b12e
     0 | D:1      | 0 ||| qw: Game counter: 163
     0 | D:1      | 0 ||| qw: Melee chars always use a shield: true
     0 | D:1      | 0 ||| qw: God list: Okawaru
     0 | D:1      | 0 ||| qw: Allow faded altars: false
     0 | D:1      | 0 ||| qw: Do Orc after clearing Dungeon:15 true
     0 | D:1      | 0 ||| qw: Do second Lair branch before Depths: true
     0 | D:1      | 0 ||| qw: Lair rune preference: random
     0 | D:1      | 0 ||| qw: Goals: Normal
     0 | D:1      | 0 ||| PLANNING D:1-11
    49 | D:1      | Reached XP level 2. HP: 17/17 MP: 2/2
   117 | D:1      | Found a faded altar of an unknown god.
   207 | D:1      | Reached XP level 3. HP: 21/21 MP: 3/3
   228 | D:1      | Reached skill level 5 in Ranged Weapons
   623 | D:1      | 623 ||| UPGRADING to ring of willpower.
   624 | D:1      | 624 ||| READING scroll labelled ATUGU KEEPT.
   625 | D:1      | 625 ||| DRINKING 2 fuming clear potions.
   626 | D:1      | 626 ||| DROPPING scroll of butterflies.
   627 | D:1      | 627 ||| DROPPING potion of attraction.
   680 | D:2      | Noticed Robin
   690 | D:2      | HP: 5/22 [goblin/+0 club[Robin] (2)]
   693 | D:2      | HP: 2/22 [Robin/+0 trident (4)]
   694 | D:2      | Killed from afar by Robin

Levels and vault maps discovered:
D:1:      ldierk_walled_garden_2, layout_basic,
          shapermc_ecumenical_altar_starsandcircs, minmay_box_of_dots
D:2:      layout_basic, minmay_misc_feat_plants, uniq_robin

Skill      XL: |  1  2  3 |
---------------+----------+-----
Ranged Weapons | 5 |  5.0
Fighting       | |  2.9
Dodging        | |  1.5
Stealth        | |  1.1

Action                     || total
---------------------------++-------
   Fire: Shortbow          ||   106
    Use: Scroll            ||     1
         Potion            ||     1
 Armour: Leather armour    ||    32
  Dodge: Dodged            ||    18

Table legend:
 A = Non-vault XP
 B = Vault XP
 C = Vault XP percentage of total XP
 D = Non-vault monster count
 E = Vault monster count
 F = Vault count percentage of total count
                 A         B        C        D         E       F
            +---------+---------+-------+---------+---------+-------
      Total |      51 |      17 |  25.0 |      28 |      10 |  26.3
            +---------+---------+-------+---------+---------+-------
        D:1 |      51 |       5 |   8.9 |      28 |       3 |   9.7
        D:2 |       0 |      12 | 100.0 |       0 |       7 | 100.0
            +---------+---------+-------+---------+---------+-------
